 Dungeon Crawl Stone Soup version 0.28.0-45-g0d030f2227 (webtiles) character file.

Game seed: 2257878036446870652

18854 Icepheonix32 the Spear-Bearer (level 12, -3/94 HPs)
             Began as a Demonspawn Fighter on Apr 7, 2022.
             Was an Initiate of Gozag.
             Slain by a six-headed hydra (12 damage)
             ... on level 3 of the Lair of Beasts.
             The game lasted 00:20:44 (16538 turns).

Icepheonix32 the Spear-Bearer (Demonspawn Fighter) Turns: 16538, Time: 00:20:45

Health: -3/94      AC: 13    Str: 20    XL:     12   Next: 31%
Magic:  30/30      EV:  9    Int: 10    God:    Gozag
Gold:   471        SH:  5    Dex: 14    Spells: 11/11 levels left

rFire   . . .      SeeInvis .   M - +7 lajatang of Order {silver, rMut}
rCold   . . .      Faith    .   (shield currently unavailable)
rNeg    + + .      Spirit   .   y - +0 chain mail
rPois   .          Reflect  +   (no helmet)
rElec   +          Harm     +   J - scarf {harm}
rCorr   .          Rampage  .   D - +4 pair of gloves of Beogh's Brutal Revenge {*Corrode rElec rN++ MP+9}
rMut    +                       (no boots)
Will    .....                   S - amulet of reflection
Stlth   ..........              o - ring of magical power
HPRegen 0.25/turn               f - ring of flight
MPRegen 0.22/turn

@: corroded, gold aura, flying
A: foul stench 2, spiny 2, sharp scales 1, demonic touch 2
a: Renounce Religion, Potion Petition, Call Merchant, Bribe Branch


You were on level 3 of the Lair of Beasts.
You worshipped Gozag.
Gozag was aware of your devotion.
You visited 3 branches of the dungeon, and saw 15 of its levels.

You collected 2281 gold pieces.
You spent 1772 gold pieces at shops.
You paid 38 gold pieces to Gozag.

Inventory:

Hand Weapons
 a - a +0 long sword
 d - a +4 halberd
 M - the +7 lajatang of Order (weapon) {silver, rMut}
   (You bought it in a shop on level 2 of the Dungeon)

   It inflicts extra damage upon those it strikes, and deals substantially
   increased damage to chaotic, mutated and magically transformed beings.
   rMut:      It protects you from mutation.
 R - a +2 vorpal quarterstaff
Missiles
 i - 17 boomerangs (quivered)
 k - 35 poisoned darts
 L - 4 curare-tipped darts
Armour
 b - a +0 scale mail
 c - a +0 buckler
 n - a +0 cloak
 y - a +0 chain mail (worn)
 B - +0 acid dragon scales
 D - the +4 pair of gloves of Beogh's Brutal Revenge (worn) {*Corrode rElec rN++ MP+9}
   (You bought it in a shop on level 2 of the Dungeon)

   rElec:     It insulates you from electricity.
   rN:        It greatly protects you from negative energy.
   MP:        It affects your magic capacity (+9).
   *Corrode:  It may corrode you when you take damage.
 H - the +0 leather armour of Stoicism {Will- rCorr Str+8 Int+3}
   (You found it on level 8 of the Dungeon)

   Str:       It affects your strength (+8).
   Int:       It affects your intelligence (+3).
   rCorr:     It protects you from acid and corrosion.
   Will:      It decreases your willpower.
 J - a scarf of harm (worn)
Magical Staves
 p - a staff of air
Jewellery
 f - a ring of flight (right hand)
 o - a ring of magical power (left hand)
 A - a ring of magical power
 S - an amulet of reflection (around neck)
Wands
 K - a wand of iceblast (5)
 N - a wand of paralysis (5)
 Q - a wand of flame (9)
Scrolls
 e - 7 scrolls of teleportation
 h - 2 scrolls of summoning
 j - a scroll of torment
 m - 3 scrolls of enchant armour
 r - 4 scrolls of amnesia
 t - 3 scrolls of fear {unknown}
 v - a scroll of noise
 w - 2 scrolls of blinking {unknown}
 z - a scroll of immolation
 C - 2 scrolls of enchant weapon
 O - 6 scrolls of identify
 P - 2 scrolls of fog
Potions
 g - 2 potions of magic
 l - 2 potions of cancellation
 s - 3 potions of lignification
 u - 2 potions of invisibility
 x - 7 potions of curing
 E - a potion of haste
 F - a potion of attraction
 G - a potion of might
 I - 2 potions of brilliance


   Skills:
 + Level 8.8 Fighting
 - Level 4.6 Long Blades
 - Level 11.8(12.4) Polearms
 + Level 5.6(9.5) Staves
 + Level 2.8 Throwing
 + Level 9.0 Armour
 + Level 3.1 Dodging
 + Level 3.2 Stealth
 - Level 3.2 Shields
 + Level 0.2 Evocations


You had 11 spell levels left.
You didn't know any spells.
Your spell library contained the following spells:

 Spells                   Type           Power      Damage    Failure   Level
 Animate Skeleton         Necr           0%         N/A       96%         1
 Pain                     Necr           0%         1d4       96%         1
 Slow                     Hex            0%         N/A       96%         1
 Sting                    Tmut/Pois      0%         1d3       96%         1
 Summon Small Mammal      Summ           0%         N/A       96%         1
 Poisonous Vapours        Pois/Air       0%         N/A       99%         2
 Call Canine Familiar     Summ           0%         N/A       100%        3
 Confusing Touch          Hex            0%         N/A       100%        3
 Summon Guardian Golem    Hex/Summ       0%         N/A       100%        3
 Vampiric Draining        Necr           0%         2d6       100%        3
 Olgreb's Toxic Radiance  Pois           0%         N/A       100%        4


Dungeon Overview and Level Annotations

Branches:
Dungeon (11/15)            Temple (1/1) D:5            Lair (3/6) D:8
 Spider (0/4) Lair:3          Orc (0/2) D:10
  Swamp: Lair:2-4    Shoals: Lair:2-4

Altars:
Ashenzari
Cheibriados
Dithmenos
Elyvilon
Fedhas
Gozag
Hepliaklqana
Kikubaaqudgha
Makhleb
Nemelex Xobeh
Okawaru
Qazlal
Ru
Sif Muna
Trog
Uskayaw
Vehumet
Wu Jian
Xom
Yredelemnul
Zin
The Shining One

Shops:
D:2 [[*(   D:6 ?

Annotations:
D:10 exclusion: obsidian statue


Innate Abilities, Weirdness & Mutations

You sometimes emit foul miasma when damaged in melee.
You are mostly covered in sharp spines.
You are partially covered in razor-sharp scales. (AC +1, Slay +1)
Your touch may inflict irresistible damage on your foes.


Message History

The wolf is struck by your spines.
You kill the wolf!
The four-headed hydra is engulfed in dark miasma.
The four-headed hydra bites you but does no damage.
The four-headed hydra bites you!
* * * LOW HITPOINT WARNING * * *
The four-headed hydra bites you but does no damage. x2
You feel much better.
The four-headed hydra is engulfed in dark miasma.
The four-headed hydra is poisoned.
You block the four-headed hydra's attack.
The four-headed hydra barely misses you.
The four-headed hydra bites you but does no damage.
The four-headed hydra bites you.
* * * LOW HITPOINT WARNING * * *
You barely miss the four-headed hydra.
The four-headed hydra is lightly wounded.
Unknown command.
You lop one of the four-headed hydra's heads off!
The three-headed hydra grows two more!
You slash the five-headed hydra!
The five-headed hydra is moderately wounded.
The five-headed hydra is engulfed in dark miasma.
The five-headed hydra is struck by your spines.
The five-headed hydra bites you but does no damage. x2
The five-headed hydra bites you!
* * * LOW HITPOINT WARNING * * *
Your corrosive artefact corrodes you!
The five-headed hydra bites you.
* * * LOW HITPOINT WARNING * * *
The five-headed hydra bites you but does no damage.
Unknown command.
You slice one of the five-headed hydra's heads off!
The four-headed hydra grows two more!
You slash the six-headed hydra!
The six-headed hydra is heavily wounded.
The six-headed hydra is engulfed in dark miasma.
The six-headed hydra seems to slow down.
The six-headed hydra is struck by your spines.
The six-headed hydra bites you but does no damage.
The six-headed hydra barely misses you. The six-headed hydra bites you!
You die...
Your body crumbles into a pile of gold.

.##.## ......
...............
......
..$............
......
...............
......
.............
......
............
..####
#.......## .##
##.D.....P# .#
#..@$...P#
##.$$...P#
#.......##
##.......#
##P.....).#
#........##
###......##
#........#
####........#


You could see a six-headed hydra (poisoned, slow).

Vanquished Creatures
  3 hydras (Lair:3)
  Erolcha (D:9)
  2 two-headed ogres (D:10)
  Sonja (D:10)
  Pikel (D:7)
  Maurice (D:10)
  Joseph (D:8)
  3 cane toads
  Maggie (D:9)
  4 komodo dragons
  A troll (D:8)
  A hornet (D:9)
  6 dream sheep (Lair:3)
  A jumping spider (Lair:3)
  A vampire (D:9)
  22 yaks
  2 steam dragons
  10 water moccasins
  3 ice beasts
  A sky beast (D:6)
  3 orc warriors (D:10)
  2 black bears
  13 wolves
  4 ogres
  8 centaurs
  A phantom (D:4)
  2 lemures (D:7)
  2 kobold brigands
  A gnoll sergeant (D:9)
  4 bullfrogs
  A scorpion (D:6)
  A wyvern skeleton (D:5)
  A water moccasin skeleton (D:6)
  5 killer bees (D:8)
  A howler monkey (D:10)
  7 wights (D:8)
  An electric eel (D:10)
  2 centaur zombies
  3 bullfrog zombies
  2 hounds
  2 bullfrog skeletons (D:7)
  9 orc priests
  A centaur skeleton (D:4)
  Jessica (D:2)
  6 orc wizards
  2 iguanas (D:6)
  A hound skeleton (D:4)
  2 howler monkey zombies
  6 gnolls
  9 adders
  An ufetubus (D:6)
  A worm (D:3)
  A dart slug (D:1)
  40 orcs
  6 endoplasms
  3 giant cockroaches
  8 goblins
  4 hobgoblins
  2 quokkas
  8 ball pythons
  4 bats
  3 frilled lizards (D:1)
  10 kobolds
  6 rats
266 creatures vanquished.

Vanquished Creatures (others)
  2 fungi (Lair:3)
  2 plants (Lair:3)
4 creatures vanquished.

Grand Total: 270 creatures vanquished

Notes
Turn   | Place    | Note
-------+----------+-------------------------------------------
     0 | D:1      | Icepheonix32 the Demonspawn Fighter began the quest for the
                  | Orb.
     0 | D:1      | Reached XP level 1. HP: 18/18 MP: 1/1
   181 | D:1      | Gained mutation: You are partially covered in razor-sharp
                  | scales. (AC +1, Slay +1) [demonic ancestry]
   181 | D:1      | Reached XP level 2. HP: 24/24 MP: 2/2
   181 | D:1      | Found a faded altar of an unknown god.
  1056 | D:2      | Reached XP level 3. HP: 29/29 MP: 3/3
  1128 | D:2      | Found Vuallop's Armour Emporium.
  1189 | D:2      | You fall into a shaft and drop 2 floors!
  1347 | D:4      | Noticed an ice beast
  1357 | D:4      | Killed an ice beast
  1358 | D:4      | Reached XP level 4. HP: 21/37 MP: 4/4
  1358 | D:4      | Gained mutation: You are partially covered in sharp spines.
                  | [demonic ancestry]
  1358 | D:4      | Reached XP level 5. HP: 24/42 MP: 5/5
  1358 | D:4      | Noticed a phantom
  1360 | D:4      | Noticed an ogre
  1364 | D:4      | Killed a phantom
  1368 | D:4      | Killed an ogre
  1369 | D:4      | Reached skill level 1 in Dodging
  1369 | D:4      | Gained mutation: You may rarely emit foul miasma when
                  | damaged in melee. [demonic ancestry]
  1369 | D:4      | Reached XP level 6. HP: 21/48 MP: 6/6
  1852 | D:2      | Noticed Jessica
  1856 | D:2      | Killed Jessica
  1857 | D:2      | Found Etenitass's Assorted Antiques.
  1875 | D:2      | Bought an amethyst potion for 21 gold pieces
  1875 | D:2      | Bought a ruby potion for 21 gold pieces
  1907 | D:2      | Found Okeacw's Antique Armour Boutique.
  2134 | D:2      | Found Omuxziw's Antique Weapon Shop.
  2225 | D:3      | Reached skill level 1 in Polearms
  2752 | D:4      | HP: 2/48 [ogre/+0 giant club (22)]
  2774 | D:4      | Reached skill level 2 in Polearms
  2775 | D:4      | Reached XP level 7. HP: 15/54 MP: 7/7
  3520 | D:5      | Entered Level 5 of the Dungeon
  3566 | D:5      | Found a staircase to the Ecumenical Temple.
  3577 | D:5      | Reached skill level 3 in Polearms
  3586 | Temple   | Entered the Ecumenical Temple
  4034 | Temple   | Became a worshipper of Gozag Ym Sagoz the Greedy
  4314 | D:5      | Reached skill level 4 in Polearms
  4314 | D:5      | Reached skill level 1 in Stealth
  4607 | D:5      | Gained mutation: Your touch may inflict minor irresistible
                  | damage on your foes. [demonic ancestry]
  4607 | D:5      | Reached XP level 8. HP: 50/61 MP: 8/8
  5063 | D:6      | Reached skill level 5 in Polearms
  5227 | D:6      | Found Sess's Magic Scroll Boutique.
  5600 | D:6      | Reached skill level 5 in Armour
  5734 | D:6      | Reached skill level 5 in Fighting
  5734 | D:6      | Reached skill level 6 in Polearms
  6287 | D:2      | Bought a pair of polished gloves for 228 gold pieces
  6287 | D:2      | Identified the +4 pair of gloves of Beogh's Brutal Revenge
                  | {*Corrode rElec rN++ MP+9} (You bought it in a shop on
                  | level 2 of the Dungeon)
  6483 | D:7      | Gained mutation: You sometimes emit foul miasma when
                  | damaged in melee. [demonic ancestry]
  6483 | D:7      | Reached XP level 9. HP: 40/68 MP: 9/9
  6671 | D:7      | Reached skill level 7 in Polearms
  6705 | D:7      | Noticed Pikel
  6712 | D:7      | Killed Pikel
  7211 | D:7      | Reached skill level 8 in Polearms
  7596 | D:8      | Reached skill level 1 in Throwing
  7682 | D:8      | Noticed Joseph
  7693 | D:8      | Killed Joseph
  7694 | D:8      | Reached skill level 9 in Polearms
  8016 | D:8      | Found a staircase to the Lair.
  8057 | D:8      | Reached XP level 10. HP: 67/76 MP: 10/10
  8372 | D:8      | Found a radiant altar of Vehumet.
  8428 | D:8      | Identified the +0 leather armour of Stoicism {Will- rCorr
                  | Str+8 Int+3}
  8815 | D:8      | Found a basalt altar of Yredelemnul.
  9330 | D:9      | Found an ancient bone altar of Kikubaaqudgha.
  9611 | D:9      | Noticed Erolcha
  9620 | D:9      | Killed Erolcha
  9621 | D:9      | Reached skill level 10 in Polearms
  9691 | D:9      | Noticed Maggie
  9699 | D:9      | Killed Maggie
 10145 | D:9      | Reached skill level 11 in Polearms
 10584 | D:9      | Gained mutation: You are mostly covered in sharp spines.
                  | [demonic ancestry]
 10584 | D:9      | Reached XP level 11. HP: 64/84 MP: 11/11
 10764 | D:10     | Entered Level 10 of the Dungeon
 10803 | D:10     | Noticed a two-headed ogre
 10813 | D:10     | Killed a two-headed ogre
 11226 | D:10     | Noticed Sonja
 11233 | D:10     | Killed Sonja
 11531 | D:10     | Found a staircase to the Orcish Mines.
 12046 | D:10     | Noticed a two-headed ogre
 12052 | D:10     | Killed a two-headed ogre
 12385 | D:10     | Noticed an obsidian statue
 12609 | D:10     | Noticed Maurice
 12637 | D:10     | Killed Maurice
 13290 | D:2      | Bought the +7 lajatang of Order {silver, rMut} for 1502
                  | gold pieces
 13290 | D:2      | Found the +7 lajatang of Order {silver, rMut}
 13439 | Lair:1   | Entered Level 1 of the Lair of Beasts
 14806 | Lair:2   | Reached skill level 1 in Staves
 15648 | Lair:3   | Found a hole to the Spider Nest.
 15662 | Lair:3   | Noticed a six-headed hydra
 15673 | Lair:3   | Killed an eight-headed hydra
 15711 | Lair:3   | Gained mutation: Your touch may inflict irresistible damage
                  | on your foes. [demonic ancestry]
 15711 | Lair:3   | Reached XP level 12. HP: 39/94 MP: 12/12
 15970 | Lair:3   | Noticed an eight-headed hydra
 15979 | Lair:3   | Killed an 11-headed hydra
 16485 | Lair:3   | Reached skill level 5 in Staves
 16518 | Lair:3   | Noticed a four-headed hydra
 16526 | Lair:3   | Noticed a four-headed hydra
 16529 | Lair:3   | Killed an eight-headed hydra
 16538 | Lair:3   | Slain by a six-headed hydra

Illustrated notes

Levels and vault maps discovered:
D:1:      elethiomel_arrival_infinity_welcomes_careful_drivers, layout_basic,
          ebering_ecumenical_altar_petrified, minmay_bisected
D:2:      layout_basic, serial_shops, shop, shop, nicolae_shop_hallway_stairs,
          nicolae_shop_advertising_works [nicolae_subvault_shop_adworks],
          minmay_misc_feat_tiny, uniq_jessica
D:3:      layout_loops_ring
D:4:      layout_rooms
D:5:      layout_basic, minmay_temple_entry_statues_fountains
D:6:      nicolae_cairo_tiling, layout_gridville, serial_shops, shop
D:7:      layout_basic, kennysheep_generic_room_3, uniq_pikel
D:8:      layout_loops_ring, lair_entry_dummy, hangedman_feature_mirror,
          minivault_5, nicolae_concentric_dashed_squares_mild, uniq_joseph
D:9:      layout_roguey, mainiacjoe_overflow_alcove_1, hangedman_decor_points,
          uniq_erolcha, uniq_maggie
D:10:     statuecave_lemuel, layout_stronghold, david_orc_3, uniq_maurice,
          uniq_sonja
D:11:     layout_stronghold, uniq_nergalle, uniq_josephine, uniq_urug
Temple:   mainiacjoe_temple_circle_huts
Lair:1:   layout_layer_cave
Lair:2:   layout_cave_pods, lemuel_fruit_fields
Lair:3:   layout_hall_layers, spider_nest_entry_a

Skill      XL: |  1  2  3  4  5  6  7  8  9 10 11 12 |
---------------+-------------------------------------+-----
Long Blades    | 2 3 4 |  4.6
Shields        | 3 |  3.2
Armour         | 3 4 5 6 8 9 |  9.0
Dodging        | 1 2 3 |  3.1
Fighting       | 4 5 6 7 8 |  8.8
Polearms       | 2 4 6 9 11 | 11.8
Stealth        | 1 3 |  3.2
Throwing       | 2 |  2.8
Staves         | 3 5 |  5.6
Evocations     | |  0.2

Action                   |  1- 3 |  4- 6 |  7- 9 | 10-12 || total
-------------------------+-------+-------+-------+-------++-------
Melee: Long sword        |    83 |    10 |       |       ||    93
       Halberd           |       |    51 |   240 |   221 ||   512
       Lajatang          |       |       |       |    96 ||    96
Throw: Dart              |     1 |     2 |       |     4 ||     7
       Boomerang         |       |     1 |     4 |     4 ||     9
Evoke: Wand              |       |       |       |     2 ||     2
  Use: Potion            |     1 |     2 |     1 |     4 ||     8
       Scroll            |       |       |    11 |     6 ||    17
 Stab: Distracted        |       |       |     1 |     3 ||     4
Armor: Scale mail        |    25 |    24 |    42 |       ||    91
       Chain mail        |       |       |    66 |   131 ||   197
       Skin              |       |       |     3 |     9 ||    12
Dodge: Dodged            |    29 |    26 |   109 |    88 ||   252
Block: Buckler           |    16 |     3 |       |       ||    19
       Other             |       |       |       |    17 ||    17
